 Dungeon Crawl Stone Soup version 0.29-a0-557-g43b9904bd1 (webtiles) character file.

Game seed: 18183642298176551385

19 Hubjo the Insei (level 2, 0/21 HPs)
             Began as a Demonspawn Transmuter on June 8, 2022.
             Slain by a ball python (1 damage)
             ... on level 1 of the Dungeon.
             The game lasted 00:00:32 (498 turns).

Hubjo the Insei (Demonspawn Transmuter)              Turns: 498, Time: 00:00:33

Health: 0/21       AC:  2    Str: 10    XL:     2   Next: 55%
Magic:  5/5        EV: 12    Int: 14    God:
Gold:   32         SH:  0    Dex: 13    Spells: 4/5 levels left

rFire   . . .      SeeInvis .     - Unarmed
rCold   . . .      Faith    .   (no shield)
rNeg    . . .      Spirit   .   a - +0 robe
rPois   .          Reflect  .   (no helmet)
rElec   .          Harm     .   (no cloak)
rCorr   .          Rampage  .   (no gloves)
Will    .....                   (no boots)
Stlth   +.........              (no amulet)
HPRegen 0.07/turn               (no ring)
MPRegen 0.09/turn               (no ring)

@: no status effects
A: powered by pain 1
a: no special abilities


You were on level 1 of the Dungeon.
You visited 1 branch of the dungeon, and saw 1 of its levels.

You collected 32 gold pieces.

Inventory:

Armour
 a - a +0 robe (worn)
Jewellery
 c - a +4 ring of evasion
Potions
 b - a potion of lignification


   Skills:
 * Level 1.6 Fighting
 - Level 1.7 Dodging
 + Level 0.7 Stealth
 + Level 2.8 Unarmed Combat
 + Level 2.1 Spellcasting
 + Level 2.1 Transmutations


You had 4 spell levels left.
You knew the following spells:

 Your Spells              Type           Power      Damage    Failure   Level
a - Beastly Appendage     Tmut           14%        N/A       10%         1

Your spell library contained the following spells:

 Spells                   Type           Power      Damage    Failure   Level
 Wereblood                Tmut           7%         N/A       16%         2
 Spider Form              Tmut/Pois      4%         N/A       41%         3
 Ice Form                 Ice/Tmut       4%         N/A       83%         4


Dungeon Overview and Level Annotations

Branches:
Dungeon (1/15)

Altars:


Innate Abilities, Weirdness & Mutations

You sometimes gain a little power by taking damage.


Message History

The hobgoblin shouts!
The dart slug launches a dart at you. The slug dart hits you.
You see here a dart slug corpse.
You hit the hobgoblin. You headbutt the hobgoblin.
You kill the hobgoblin!
A quokka comes into view.
You barely miss the ball python.
The ball python bites you but does no damage.
The ball python grabs you. The ball python constricts you.
The hobgoblin closely misses you.
You closely miss the ball python. Your headbutt misses the ball python.
Your horns disappear.
Your talons disappear.
The ball python barely misses you. The ball python constricts you.
The hobgoblin closely misses you.
You completely miss the ball python. The ball python barely misses you.
The ball python constricts you. The hobgoblin hits you. x2
* * * LOW HITPOINT WARNING * * *
You are too injured to fight recklessly!
You are too injured to fight recklessly!
You are too injured to fight recklessly!
You are too injured to fight recklessly!
As you read the scroll labelled RELIKK VYTZUCK, it crumbles to dust.
It is a scroll of amnesia.
Okay, then.
The ball python barely misses you. The ball python constricts you.
The hobgoblin barely misses you. The hobgoblin hits you.
* * * LOW HITPOINT WARNING * * *
The ball python barely misses you. The ball python constricts you.
It was a potion of curing.
You feel better. The hobgoblin hits you.
* * * LOW HITPOINT WARNING * * *
The hobgoblin barely misses you.
The ball python bites you but does no damage.
The ball python constricts you. The dart slug bites you.
* * * LOW HITPOINT WARNING * * *
You escape the ball python's grasp.
There is a stone staircase leading down here.
You see here a ball python corpse.
The ball python bites you.
You die...

)..#........
.÷.........#...#.. .#
............[....##.#####
................?........
...........##.#....>..!..
...........##.#..........
..##........#.##.........
.###........#.##.Sw......
.# #........#.##@gr......
.###..#####.$...†g.......
........# ###.#..........
.###..#)# #.##.........
#..#.# #.##......!..
#..#.# #.##.######..
#..#.. ..##.# . ##....
...... #..... .#....


You could see a dart slug, a quokka, 2 hobgoblins and a ball python.

Vanquished Creatures
  A dart slug (D:1)
  A ball python (D:1)
  2 bats (D:1)
  6 endoplasms (D:1)
  A hobgoblin (D:1)
  2 kobolds (D:1)
  A quokka (D:1)
14 creatures vanquished.

Notes
Turn   | Place    | Note
-------+----------+-------------------------------------------
     0 | D:1      | Hubjo the Demonspawn Transmuter began the quest for the
                  | Orb.
     0 | D:1      | Reached XP level 1. HP: 15/15 MP: 3/3
   223 | D:1      | Gained mutation: You sometimes gain a little power by
                  | taking damage. [demonic ancestry]
   223 | D:1      | Reached XP level 2. HP: 16/21 MP: 3/5
   495 | D:1      | HP: 1/21 [hobgoblin (3)]
   498 | D:1      | Slain by a ball python

Illustrated notes

Levels and vault maps discovered:
D:1:      wander_arrival_lonely_grave, layout_rooms,
          dreamdust_ecumenical_altar_hidden_monk_grotto

Skill      XL: |  1  2 |
---------------+-------+-----
Transmutations | 2 |  2.1
Fighting       | |  1.6
Dodging        | |  1.7
Stealth        | |  0.7
Unarmed Combat | |  2.8
Spellcasting   | |  2.1

Action                   || total
-------------------------++-------
Melee: Unarmed           ||    51
       Headbutt          ||     5
       Kick              ||     6
 Cast: Beastly Appendage ||     4
  Use: Scroll            ||     1
       Potion            ||     1
Armor: Robe              ||    17
Dodge: Dodged            ||    51

Table legend: (Time is in decaauts)
 A = Elapsed time spent in this place.
 B = Non-inter-level travel time spent in this place.
 C = Inter-level travel time spent in this place.
 D = Time resting spent in this place.
 E = Time spent auto-exploring this place.
 F = Levels seen in this place.
 G = Mean time per level.
                   A        B        C        D        E       F      G
               +--------+--------+--------+--------+--------+-----+--------+
         Total |    495 |    495 |      0 |      0 |    399 |   1 |  495.0 |
       Dungeon |    495 |    495 |      0 |      0 |    399 |   1 |  495.0 |
               +--------+--------+--------+--------+--------+-----+--------+

Top non-repeatable levels by time:
     D:1: 495 daAuts
